Map: Rohana LE

Players

PsychoMexi

  • Race: Terran Terran
  • Spawn Location: 5:00

Computer

  • Race: Terran Terran
  • Spawn Location: 3:00

iPlayDefense

  • Race: Terran Terran
  • Spawn Location: 11:00

llantero

  • Race: Protoss Protoss
  • Spawn Location: 9:00

VOD

Have the link to the VOD?

Description

Time

  • Played on: April 12, 2025, 12:37 a.m.
  • Length: 4:10
Show
View Real Time Build Order
Export as new Build Order

PsychoMexi Terran 

Build Orders:  

Get SALT Encoding   

  12  0:18  SCV  
  13  0:30  SCV  
  13  0:35  Supply Depot  
  14  0:42  SCV  
  15  0:46  Supply Depot  
  15  0:56  SCV  
  16  1:08  SCV  
  17  1:20  SCV  
  18  1:26  Refinery x2  
  18  1:32  SCV  
  18  1:37  Barracks x2  
  18  1:39  Barracks  
  19  1:50  Barracks  
  19  1:59  SCV  
  20  2:11  SCV  
  21  2:24  SCV  
  22  2:30  Barracks Reactor x2  
  22  2:31  Barracks Reactor  
  22  2:34  Barracks  
  22  2:36  SCV, Barracks  
  23  2:38  Barracks Reactor  
  23  3:06  Supply Depot  
  23  3:08  Supply Depot  
  23  3:09  Supply Depot x2  
  23  3:10  Supply Depot  
  23  3:11  Supply Depot  
  23  3:15  Marine x7  
  23  3:16  Marine  
  31  3:32  Marine  
  31  3:33  Marine x7  
  39  3:35  Barracks Reactor x2  
  39  3:50  Marine x2, Engineering Bay  
  39  3:51  Marine x4  
  39  3:52  Engineering Bay  
Show
View Real Time Build Order
Export as new Build Order

Computer Terran 

Build Orders:  

Get SALT Encoding   

  12  1:14  SCV  
  13  1:26  SCV  
  13  1:30  Refinery  
  13  1:32  Refinery  
  14  1:38  SCV  
  15  2:11  Supply Depot  
  15  2:12  Supply Depot  
  15  2:32  SCV  
  16  2:44  SCV  
  17  2:57  SCV  
  18  3:09  SCV  
  19  3:21  SCV  
  20  3:33  SCV  
Show
View Real Time Build Order
Export as new Build Order

iPlayDefense Terran 

Build Orders:  

Get SALT Encoding   

  12  0:01  SCV  
  13  0:13  SCV  
  14  0:19  Supply Depot  
  14  0:29  Refinery  
  14  0:33  SCV  
  15  0:45  SCV  
  15  0:47  Barracks  
  16  0:58  SCV  
  17  1:16  Supply Depot  
  17  1:34  Orbital Command  
  17  1:35  Barracks Reactor  
  17  1:40  Engineering Bay  
  17  1:42  Barracks  
  17  2:15  Command Center  
  17  2:31  Marine x2  
  17  2:35  Barracks Tech Lab  
  19  2:49  Marine x2, Factory  
  22  2:58  SCV  
  22  3:10  SCV  
  23  3:22  SCV  
  24  3:34  SCV  
  24  3:35  Factory Tech Lab  
  24  3:37  Marine  
  24  3:38  Marine x2  
  28  3:47  Supply Depot, SCV  
  30  3:57  Refinery  
Show
View Real Time Build Order
Export as new Build Order

llantero Protoss 

Build Orders:  

Get SALT Encoding   

  12  0:01  Probe  
  13  0:20  Pylon  
  13  0:25  Pylon  
  13  0:33  Probe  
  14  0:45  Probe  
  15  0:50  Gateway  
  15  0:58  Probe  
  15  1:00  Assimilator  
  16  1:10  Probe  
  17  1:22  Probe  
  18  1:40  Gateway  
  18  1:49  Forge  
  18  1:54  Cybernetics Core  
  18  2:03  Probe, Pylon  
  19  2:15  Probe  
  19  2:17  Pylon  
  19  2:20  Zealot  
  22  2:28  Probe  
  23  2:35  Gateway  
  23  2:45  Shield Battery, Stalker  
  23  2:47  Zealot  
  27  3:14  Zealot  
  27  3:15  Sentry  
  31  3:21  Assimilator  
  31  3:24  Stalker  
  31  3:34  Gateway  
  33  3:43  Gateway  
Tags
 
Add a new tag
Caveats
  • Supply blocks, unpowered buildings, or Contaminate may cause inaccurate times.
  • Supply counts are checked every 10 seconds.